Map: Jagannatha LE

Players

Epic - Winner!

  • Race: Terran Terran
  • League: Grandmaster
  • Spawn Location: 1:00

Rhizer

  • Race: Protoss Protoss
  • League: Grandmaster
  • Spawn Location: 7:00

Event: DreamHack SC2 Masters 2020 Winter

VOD

Have the link to the VOD?

Description

Time

  • Played on: Oct. 24, 2020, 9:07 p.m.
  • Length: 4:27

All games in this series

Show
View Real Time Build Order
Export as new Build Order

Epic Terran - Winner!

Build Orders: Gas First Reaper Expand 

Get SALT Encoding   

  12  0:00  SCV  
  13  0:12  SCV  
  14  0:16  Supply Depot  
  14  0:24  SCV  
  15  0:32  Refinery  
  15  0:38  SCV  
  16  0:44  Barracks  
  16  0:50  SCV  
  17  1:02  SCV  
  18  1:14  SCV  
  19  1:30  Orbital Command  
  19  1:31  Reaper  
  20  1:46  Command Center  
  20  1:55  SCV  
  21  2:02  Factory  
  21  2:08  Barracks Reactor  
  21  2:10  SCV  
  21  2:15  Supply Depot  
  22  2:21  Refinery  
  22  2:22  SCV  
  23  2:36  SCV  
  24  2:47  Starport  
  24  2:48  SCV  
  25  2:52  Hellion x2  
  29  2:59  Orbital Command  
  29  3:00  SCV  
  30  3:13  SCV  
  30  3:14  Hellion x2  
  35  3:24  Medivac  
  35  3:25  SCV x2  
  38  3:30  Barracks Tech Lab  
  38  3:33  Supply Depot  
  38  3:37  SCV x2  
  40  3:44  Bunker  
  40  3:49  SCV x2  
  40  3:51  Siege Tank  
  45  3:58  Marine x2, Supply Depot  
  45  4:01  SCV x2  
  52  4:13  SCV x2  
Show
View Real Time Build Order
Export as new Build Order

Rhizer Protoss 

Build Orders: 1 Gate Expand, Dark Templar Rush 

Get SALT Encoding   

  12  0:00  Probe  
  13  0:12  Probe  
  14  0:18  Pylon  
  14  0:24  Probe (Chrono Boost)  
  15  0:36  Probe (Chrono Boost)  
  15  0:38  Gateway  
  16  0:45  Probe (Chrono Boost)  
  16  0:46  Assimilator  
  17  0:51  Probe  
  18  1:03  Probe  
  19  1:15  Probe  
  20  1:26  Cybernetics Core  
  20  1:38  Nexus  
  20  1:43  Probe  
  21  1:47  Pylon  
  21  1:55  Probe  
  21  1:57  Assimilator  
  22  2:02  Adept (Chrono Boost)  
  22  2:06  Warp Gate  
  24  2:09  Probe  
  25  2:21  Probe (Chrono Boost)  
  25  2:22  Unknown  
  26  2:23  Unknown  
  26  2:25  Stalker  
  27  2:33  Probe (Chrono Boost)  
  27  2:35  Twilight Council  
  28  2:39  Probe (Chrono Boost)  
  29  2:48  Probe  
  30  2:51  Probe  
  31  3:02  Probe  
  31  3:04  Probe  
  31  3:05  Stalker  
  35  3:18  Probe  
  35  3:19  Robotics Facility  
  36  3:30  Probe  
  36  3:32  Probe  
  37  3:36  Gateway  
  37  3:41  Dark Shrine  
  37  3:47  Probe (Chrono Boost)  
  38  3:50  Probe (Chrono Boost)  
  38  3:53  Gateway  
  39  3:59  Assimilator, Probe (Chrono Boost)  
  41  4:07  Probe (Chrono Boost)  
  41  4:08  Probe (Chrono Boost)  
  40  4:13  Probe (Chrono Boost)  
  40  4:14  Probe  
Tags
 
Add a new tag
Caveats
  • Supply blocks, unpowered buildings, or Contaminate may cause inaccurate times.
  • Supply counts are checked every 10 seconds.